Construct Section Command Post
Selects Heavy Armor Battlegroup
Selects Rigorous Vehicle Training
Construct Platoon Command Post
Unlock Bishop Self-propelled Artillery
Construct Field Infirmary
Selects Forward Repair Assembly
Bishop Self-propelled Artillery
Bishop Self-propelled Artillery
Construct Company Command Post
Selects UNKNOWN (2162094)
Selects Light Vehicle Withdraw and Refit
Selects Designate Targets